 Dungeon Crawl Stone Soup version 0.28.0 (webtiles) character file.

Game seed: 8260381357023710797

21 Twinkles the Chiller (level 2, 0/20 HPs)
             Began as a Vampire Ice Elementalist on Feb 13, 2022.
             Slain by a gnoll (6 damage)
             ... on level 2 of the Dungeon.
             The game lasted 00:04:53 (1212 turns).

Twinkles the Chiller (Vampire Ice Elementalist)     Turns: 1212, Time: 00:04:54

Health: 0/20       AC:  2    Str:  7    XL:     2   Next: 65%
Magic:  5/5        EV: 12    Int: 17    God:
Gold:   34         SH:  0    Dex: 14    Spells: 4/5 levels left

rFire   . . .      SeeInvis +   e - +0 short sword
rCold   . . .      Faith    .   (no shield)
rNeg    . . .      Spirit   .   a - +0 robe
rPois   .          Reflect  .   (no helmet)
rElec   .          Harm     .   (no cloak)
rCorr   .          Rampage  .   (no gloves)
Will    .....                   (no boots)
Stlth   ++........              (no amulet)
HPRegen 0.26/turn               (no ring)
MPRegen 0.09/turn               (no ring)

@: healing quickly
A: alive, fangs 3, see invisible, vampiric 1
a: Exsanguinate


You were on level 2 of the Dungeon.
You visited 1 branch of the dungeon, and saw 2 of its levels.

You collected 34 gold pieces.

Inventory:

Hand Weapons
 e - a +0 short sword (weapon)
Missiles
 c - 10 stones
Armour
 a - a +0 robe (worn)
 d - a +0 kite shield
Scrolls
 b - a scroll of magic mapping {unknown}
 f - a scroll of identify {unknown}
 h - a scroll of immolation {unknown}
Potions
 g - a potion of lignification {unknown}
 i - a potion of magic {unknown}
 j - a potion of curing {unknown}


   Skills:
 + Level 0.6 Fighting
 + Level 2.3 Dodging
 + Level 3.4 Stealth
 + Level 0.5 Unarmed Combat
 + Level 2.2 Spellcasting
 + Level 4.2 Ice Magic


You had 4 spell levels left.
You knew the following spells:

 Your Spells              Type           Power      Damage    Failure   Level
a - Freeze                Ice            64%        1d8       3%          1

Your spell library contained the following spells:

 Spells                   Type           Power      Damage    Failure   Level
 Frozen Ramparts          Ice            32%        1d5       10%         3
 Ozocubu's Armour         Ice            16%        N/A       10%         3
 Hailstorm                Conj/Ice       9%         3d4       61%         4


Dungeon Overview and Level Annotations

Branches:
Dungeon (2/15)

Altars:


Innate Abilities, Weirdness & Mutations

Your natural rate of healing is accelerated.
You have razor-sharp teeth.
You have supernaturally acute eyesight. (SInv)
You are afflicted with vampirism.


Message History

An endoplasm comes into view.
The helpless endoplasm fails to defend itself.
You hit the endoplasm.
The endoplasm is severely wounded.
The endoplasm freezes you.
You are frozen.
Aiming: Freeze (safe; 3% risk of failure)
Press: ? - help, Q - select action, (/) - cycle Shift-Dir - straight line, f - endoplasm
Aim: an endoplasm (severely wounded)
You freeze the endoplasm.
You kill the endoplasm!
Magic restored.
HP restored.
Found a stone staircase leading down.
An endoplasm comes into view.
Found a sapphire potion.
The helpless endoplasm fails to defend itself.
You hit the endoplasm.
You kill the endoplasm!
j - a sapphire potion A hobgoblin comes into view.
The helpless hobgoblin fails to defend itself.
You puncture the hobgoblin!
You kill the hobgoblin!
Found a stone staircase leading up.
A gnoll comes into view. It is wielding a +0 whip.
A gnoll comes into view. It is wielding a +0 spear.
Found a stone staircase leading down.
A gnoll comes into view.
It is wielding a +3 halberd of freezing.
The gnoll shouts!
There is a stone staircase leading up here.
The gnoll hits you from afar with a +0 spear.
There is a stone staircase leading up here.
The gnoll hits you but does no damage.
There is a stone staircase leading up here.
The gnoll hits you from afar with a +3 halberd of freezing!
Ouch! That really hurt!
* * * LOW HITPOINT WARNING * * *
The gnoll freezes you.
You die...

##########.# .# .# #.#
#.# .# #.# #.# .# #.#
#.# .# #.# #.# .######
# #.# #.# ........
#####.#.###.##........
..............#.......
......#.#....@#.......
#######.#.#.#g#.......
#.#.#.#g#.......
#.#.#.#.........
..#.#.##.#####.
###.#...........
..#.g.........
#.g........#
#...........


You could see 2 gnolls.

Vanquished Creatures
  3 bats (D:1)
  4 endoplasms
  A giant cockroach (D:1)
  2 hobgoblins
  3 quokkas (D:1)
  2 frilled lizards (D:1)
  A goblin (D:1)
  2 kobolds (D:1)
  A rat (D:1)
19 creatures vanquished.

Notes
Turn   | Place    | Note
-------+----------+-------------------------------------------
     0 | D:1      | Twinkles the Vampire Ice Elementalist began the quest for
                  | the Orb.
     0 | D:1      | Reached XP level 1. HP: 13/13 MP: 3/3
   247 | D:1      | Reached XP level 2. HP: 19/19 MP: 1/5
   867 | D:1      | Found a faded altar of an unknown god.
  1212 | D:2      | Slain by a gnoll

Illustrated notes

Levels and vault maps discovered:
D:1:      dpeg_arrival_tiny_g, layout_loops_corners,
          shapermc_ecumenical_altar_mp_vishouse, minmay_misc_feat_ornament
D:2:      layout_basic

Action                   || total
-------------------------++-------
Melee: Short sword       ||    33
       Bite              ||     3
       Unarmed           ||     1
       Punch             ||     1
 Cast: Freeze            ||    15
 Stab: Sleeping          ||     6
Armor: Robe              ||    12
Dodge: Dodged            ||    19
